 Dungeon Crawl Stone Soup version 0.32-a0-306-gfed3edf829 (webtiles) character file.

Game seed: 4726535326529793967

1342 PriceMaster the Thaumaturge (level 8, 0/38 HPs)
             Began as a Spriggan Earth Elementalist on Feb 15, 2024.
             Was a Believer of Ashenzari.
             Killed from afar by a white imp (13 damage)
             ... with a puff of frost
             ... on level 6 of the Dungeon.
             The game lasted 00:18:58 (7713 turns).

PriceMaster the Thaumaturge (SpEE)                  Turns: 7713, Time: 00:18:59

Health: 0/38       AC:  2    Str:  3    XL:     8   Next: 35%
Magic:  0/24       EV: 19    Int: 22    God:    Ashenzari [**....]
Gold:   154        SH:  0    Dex: 15    Spells: 20/30 levels left

rFire   + . .        r - staff of conjuration
rCold   x . .        (shield currently unavailable)
rNeg    . . .        a - +0 robe of Cremastomancy {Melee, Cun} (curse)
rPois   .            (helmet restricted)
rElec   .            (no cloak)
rCorr   .            (gloves unavailable)
SInv    +            (boots unavailable)
Will    +....        e - amulet "Share My Visionary" {Spirit, Bglg, Self} (curse)
Stlth   +++          p - ring of Ashenzari's Ordeal {Fire, Dev, Self} (curse)
HPRegen 0.26/turn    (no ring)
MPRegen 0.19/turn

%: guardian spirit
@: mighty, hasted, very quick
A: very small, no large weapons, unfitting armour, see invisible, speed 3,
clever 1, sense surroundings 1, inability to read after injury 1
a: Renounce Religion, Shatter the Chains


You were on level 6 of the Dungeon.
You worshipped Ashenzari.
Ashenzari was pleased with you.
You visited 1 branch of the dungeon, and saw 6 of its levels.
You also visited: Ossuary.

You collected 154 gold pieces.

Inventory:

Armour
 a - the cursed +0 robe of Cremastomancy (worn) {Melee, Cun}

   It has a curse which improves the following skills: Melee Combat: Short
   Blades, Long Blades, Axes, Maces & Flails, Polearms, Staves and Unarmed
   Combat.
   Cunning:   Dodging and Stealth.
 g - a +2 leather armour of fire resistance
Magical Staves
 r - a staff of conjuration (weapon)
Jewellery
 e - the cursed amulet "Share My Visionary" (around neck) {Spirit, Bglg, Self}
   (You found it on level 1 of the Dungeon)

   [amulet of guardian spirit]

   Spirit:    It causes incoming damage to be divided between your reserves of
   health and magic.
   It has a curse which improves the following skills: Beguiling: Hexes and
   Translocations.
   Introspection: Fighting and Spellcasting.
 p - the cursed ring of Ashenzari's Ordeal (left hand) {Fire, Dev, Self}
   (You found it on level 3 of the Dungeon)

   [ring of fire]

   Fire:      It enhances your fire magic.
   rF+:       It protects you from fire.
   rC-:       It makes you vulnerable to cold.
   It has a curse which improves the following skills: Devices: Evocations and
   Shapeshifting.
   Introspection: Fighting and Spellcasting.
Wands
 q - a wand of digging (6)
Scrolls
 c - 3 scrolls of teleportation
 f - 2 scrolls of brand weapon
 h - a scroll of amnesia
 i - a scroll of immolation
 k - 4 scrolls of identify
 t - 2 scrolls of silence
 v - a scroll of fog
 x - 2 scrolls of enchant weapon
Potions
 b - 3 potions of brilliance
 d - 3 potions of degeneration
 o - 4 potions of lignification
 s - a potion of enlightenment
 u - 3 potions of curing
 w - a potion of magic
 z - a potion of cancellation


   Skills:
 + Level 0.8(1.7) Fighting
 + Level 1.0(1.7) Staves
 + Level 3.9(5.0) Dodging
 + Level 4.6(5.7) Stealth
 * Level 9.8(11.5) Spellcasting
 + Level 1.0 Conjurations
 * Level 1.7(2.5) Translocations
 + Level 0.3 Air Magic
 + Level 4.9 Earth Magic
 + Level 1.5 Alchemy


You had 20 spell levels left.
You knew the following spells:

 Your Spells              Type           Power      Damage    Failure   Level
a - Sandblast             Erth           68%        2d15      1%          1
b - Stone Arrow           Conj/Erth      76%        3d11      4%          3
c - Mercury Vapours       Alch/Air       32%        N/A       5%          2
d - Petrify               Alch/Erth      26%        N/A       14%         4

Your spell library contained the following spells:

 Spells                   Type           Power      Damage    Failure   Level
 Passwall                 Erth           34%        N/A       1%          3
 Sting                    Conj/Alch      100%       1d9       3%          1
 Volatile Blastmotes      Fire/Tloc      54%        2d14      9%          3
 Dazzling Flash           Conj/Hex       44%        N/A       12%         3
 Brom's Barrelling Bould  Conj/Erth      38%        2d6       16%         4
 Olgreb's Toxic Radiance  Alch           19%        N/A       26%         4
 Starburst                Conj/Fire      16%        6d6       100%        6
 Maxwell's Capacitive Co  Air            7%         ∞         100%        8


Dungeon Overview and Level Annotations

Branches:
Dungeon (6/15)             Temple (0/1) D:4         Ossuary (visited)

Altars:
Ashenzari
Elyvilon
Fedhas
Qazlal
Ru
Wu Jian
The Shining One

Shops:
D:1 :

Annotations:
D:4 1 runed translucent door, Crazy Yiuf


Innate Abilities, Weirdness & Mutations

You are very small and have problems with some larger weapons.
You are too small for most types of armour.
You have supernaturally acute eyesight. (SInv)
You cover ground extremely quickly. (Speed+++)
Your mind is acute. (Int +4, Str/Dex -1)
You passively map a small area around you.
You occasionally lose the ability to read scrolls when taking damage.


Message History

The adder is moderately wounded.
Your magical contamination has completely faded away.
The helpless adder fails to defend itself.
You hit the adder.
The adder is moderately wounded.
The helpless adder fails to defend itself.
You hit the adder.
The adder is heavily wounded.
The helpless adder fails to defend itself.
You hit the adder.
The adder is heavily wounded.
Casting: Petrify (quite dangerous; 14% risk of failure)
Confirm with . or Enter, or press ? or * to list all spells.
Aiming: Stone Arrow (dangerous; 4% risk of failure)
Press: ? - help, Shift-Dir - straight line, f/p - adder
Aim: an adder (heavily wounded, petrified, 100% to hit)
You feel a surge of power!
The stone arrow hits the adder!!
You kill the adder!
The white imp is no longer petrified.
The white imp gestures at you. The puff of frost hits you!
You feel a terrible chill!
You barely miss the white imp. The white imp gestures at you.
The puff of frost misses you.
You hit the white imp.
The white imp is lightly wounded.
The white imp barely misses you.
You closely miss the white imp.
The white imp is lightly wounded.
The white imp hits you. The white imp freezes you!
You feel a terrible chill!
* * * LOW HITPOINT WARNING * * *
You feel better.
The white imp shouts, "Accept thy failure, thou lumpish beef-witted sopling!"
The white imp misses you.
You feel very mighty all of a sudden. The white imp barely misses you.
You feel yourself speed up. The white imp gestures at you.
The puff of frost hits you!
You feel a terrible chill!
You die...

#.#########.#.^...#.
#...........#.#####. ##
*###########.#.# #.
,*#.. #.......#.#.#####.
, #...
*#.#####.#.#.......
#....##.#####.#.#.###...
.................># #...
#....##.#####.#.#.# #...
#......@#***#...#.# #...
* #......5....#####.#
#... ..###...###.#
#.###... ##### *,*
#....#.# #.#####.##.#.#
, #..........#,* *
#######.####.# ,, ,, *
#.........# ###.#######


You could see a white imp.

Vanquished Creatures
  An orc warrior (D:4)
  2 centaurs (D:5)
  A scorpion (D:5)
  2 wights (Ossuary)
  A howler monkey (D:3)
  A bombardier beetle (D:6)
  An orc priest (D:5)
  A hound (D:5)
  2 spectral scorpions (Ossuary)
  A sleepcap (D:6)
  Jessica (D:3)
  2 centaur skeletons (Ossuary)
  3 iguanas (D:5)
  2 orc wizards
  A crocodile zombie (Ossuary)
  9 mummies
  7 gnolls (D:4)
  9 adders
  A shadow imp (D:5)
  2 ufetubi (D:6)
  2 dart slugs
  A ribbon worm (D:3)
  10 orcs
  3 ball pythons
  2 bats
  8 endoplasms
  7 giant cockroaches
  5 goblins
  6 hobgoblins
  6 jackals
  5 kobolds
  4 quokkas
  3 frilled lizards
  3 gnoll skeletons (Ossuary)
  A goblin zombie (D:4)
  2 kobold skeletons (Ossuary)
  An orc skeleton (Ossuary)
  5 rats
  10 spectral rats (Ossuary)
134 creatures vanquished.

Notes
Turn   | Place    | Note
-------+----------+-------------------------------------------
     0 | D:1      | PriceMaster the Spriggan Earth Elementalist began the quest
                  | for the Orb.
     0 | D:1      | Reached XP level 1. HP: 9/9 MP: 5/5
   167 | D:1      | Reached skill level 3 in Spellcasting
   167 | D:1      | Reached XP level 2. HP: 13/13 MP: 5/7
   194 | D:1      | Found Nevunawn's Book Emporium.
   903 | D:2      | Found a faded altar of an unknown god.
   938 | D:2      | Prayed at the altar of an unknown god.
   938 | D:2      | Became a worshipper of Ashenzari the Shackled
  1005 | D:2      | Reached XP level 3. HP: 16/16 MP: 6/8
  1204 | D:2      | Reached skill level 4 in Spellcasting
  1274 | D:2      | Reached XP level 4. HP: 17/21 MP: 1/11
  1278 | D:2      | Learned a level 3 spell: Stone Arrow
  1540 | D:2      | Learned a level 2 spell: Mercury Vapours
  1940 | D:3      | Reached skill level 5 in Spellcasting
  2111 | D:3      | Reached * piety under Ashenzari
  2111 | D:3      | Reached ** piety under Ashenzari
  2177 | D:3      | Noticed Jessica
  2179 | D:3      | Killed Jessica
  2180 | D:3      | Reached XP level 5. HP: 24/24 MP: 12/14
  2843 | D:3      | Reached *** piety under Ashenzari
  3121 | D:4      | Identified the +0 helmet of the Trombone {rC+}
  3148 | D:4      | Found a staircase to the Ecumenical Temple.
  3239 | D:4      | Found a sand-covered staircase.
  3249 | D:4      | Reached skill level 6 in Spellcasting
  3252 | Ossuary  | Entered an ossuary
  3436 | Ossuary  | Reached XP level 6. HP: 25/28 MP: 2/18
  3880 | Ossuary  | Gained mutation: Armour fits poorly on your strangely
                  | shaped body. [potion of mutation]
  3880 | Ossuary  | Gained mutation: You are partially covered in large bone
                  | plates. (SH +4) [potion of mutation]
  3925 | Ossuary  | Reached skill level 7 in Spellcasting
  4414 | Ossuary  | Reached XP level 7. HP: 32/32 MP: 16/20
  4836 | D:4      | Found a runed translucent door.
  4837 | D:4      | Noticed Crazy Yiuf
  4985 | D:4      | Reached skill level 8 in Spellcasting
  5382 | D:4      | Found a blossoming altar of Fedhas.
  5382 | D:4      | Found a sacrificial altar of Ru.
  5382 | D:4      | Found a glowing golden altar of the Shining One.
  5382 | D:4      | Found an ornate altar of the Wu Jian Council.
  5421 | D:4      | Lost mutation: You are partially covered in large bone
                  | plates. (SH +4) [potion of mutation]
  5421 | D:4      | Lost mutation: Armour fits poorly on your strangely shaped
                  | body. [potion of mutation]
  5421 | D:4      | Gained mutation: Your mind is acute. (Int +4, Str/Dex -1)
                  | [potion of mutation]
  5421 | D:4      | Gained mutation: You occasionally lose the ability to read
                  | scrolls when taking damage. [potion of mutation]
  5421 | D:4      | Gained mutation: You passively map a small area around you.
                  | [potion of mutation]
  5426 | D:4      | Reached **** piety under Ashenzari
  5489 | D:4      | Found a white marble altar of Elyvilon.
  5493 | D:4      | Reached skill level 1 in Alchemy
  5925 | D:5      | Entered Level 5 of the Dungeon
  6201 | D:5      | Reached skill level 9 in Spellcasting
  6206 | D:5      | Learned a level 4 spell: Petrify
  6310 | D:5      | Reached XP level 8. HP: 38/39 MP: 0/24
  6526 | D:5      | Reached skill level 1 in Conjurations
  6859 | D:5      | Reached skill level 1 in Translocations
  6958 | D:5      | Reached skill level 1 in Staves
  7430 | D:6      | Found a stormy altar of Qazlal.
  7713 | D:6      | Killed from afar by a white imp

Illustrated notes

Levels and vault maps discovered:
D:1:      spicycebolla_arrival_risky_transporter, layout_loops_ring,
          serial_shops, shop
D:2:      layout_loops_cross, hellmonk_ecumenical_altar_blasted
D:3:      layout_loops_corners, st_stairs_10, uniq_jessica
D:4:      layout_loops_ring, nicolae_elyvilon_temple_path,
          grunt_temple_overflow_cloverleaf, minmay_temple_entry_sparse_star,
          nicolae_ossuary_entry_giza, uniq_crazy_yiuf_cottage
D:5:      layout_basic, nicolae_letterblocks [nicolae_letter_subblock,
          nicolae_letter_subblock, nicolae_letter_subblock,
          nicolae_letter_subblock, nicolae_letter_subblock,
          nicolae_letter_subblock, nicolae_letter_subblock,
          nicolae_letter_subblock, nicolae_letter_subblock,
          nicolae_letter_subblock, nicolae_letter_subblock,
          nicolae_letter_subblock, nicolae_letter_subblock,
          nicolae_letter_subblock, nicolae_letter_subblock,
          nicolae_letter_subblock, nicolae_letter_subblock,
          nicolae_letter_subblock, nicolae_letter_subblock,
          nicolae_letter_subblock, nicolae_letter_subblock,
          nicolae_letter_subblock, nicolae_letter_subblock,
          nicolae_letter_subblock, nicolae_letter_subblock]
D:6:      layout_basic, grunt_qazlal_clouds, hex_tiny, uniq_menkaure

Skill      XL: |  1  2  3  4  5  6  7  8 |
---------------+-------------------------+-----
Spellcasting   | 3 4 5 6 7 9 |  9.8
Earth Magic    | 3 4 |  4.9
Dodging        | 3 |  3.9
Stealth        | 4 |  4.6
Alchemy        | 1 |  1.5
Conjurations   | 1 |  1.0
Translocations | 1 |  1.7
Staves         | 1 |  1.0
Fighting       | |  0.8
Air Magic      | |  0.3

Action                     |  1- 3 |  4- 6 |  7- 9 || total
---------------------------+-------+-------+-------++-------
  Melee: Staff             |     9 |    55 |    60 ||   124
   Cast: Sandblast         |    38 |    98 |    57 ||   193
         Stone Arrow       |       |    16 |    26 ||    42
         Mercury Vapours   |       |    12 |    14 ||    26
         Petrify           |       |       |    11 ||    11
 Invoke: Curse Item        |     1 |     2 |     1 ||     4
         Shatter the Chain |       |       |     1 ||     1
    Use: Potion            |       |     2 |     6 ||     8
         Scroll            |       |       |     2 ||     2
   Stab: Sleeping          |       |     3 |       ||     3
         Petrified         |       |       |     5 ||     5
 Armour: Robe              |     8 |    36 |    28 ||    72
  Dodge: Dodged            |    30 |    96 |    81 ||   207
  Block: Other             |       |     3 |     4 ||     7

Table legend: (Time is in decaauts)
 A = Elapsed time spent in this place.
 B = Non-inter-level travel time spent in this place.
 C = Inter-level travel time spent in this place.
 D = Time resting spent in this place.
 E = Time spent auto-exploring this place.
 F = Levels seen in this place.
 G = Mean time per level.
                   A        B        C        D        E       F      G
               +--------+--------+--------+--------+--------+-----+--------+
         Total |   6191 |   5927 |    264 |   1128 |   3809 |   7 |  884.4 |
       Dungeon |   4766 |   4502 |    264 |    586 |   3164 |   6 |  794.3 |
       Ossuary |   1424 |   1424 |      0 |    542 |    644 |   1 | 1424.0 |
               +--------+--------+--------+--------+--------+-----+--------+

Top non-repeatable levels by time:
 Ossuary: 1424 daAuts
     D:5: 1131 daAuts
     D:4: 1008 daAuts
     D:2: 942 daAuts
     D:3: 919 daAuts
     D:1: 488 daAuts
     D:6: 275 daAuts
